 Dungeon Crawl Stone Soup version 0.24-a0-769-g368c1644f8 (webtiles) character file.

Game seed: 10468545162859946384, levelgen mode: deterministic

5847 Arixos the Thaumaturge (level 10, -4/50 HPs)
             Began as a Deep Elf Wizard on Oct 6, 2019.
             Was a Priest of Vehumet.
             Engulfed by a cloud of freezing vapour (20 damage)
             ... in a bailey.
             The game lasted 01:52:21 (12161 turns).

Arixos the Thaumaturge (Deep Elf Wizard)           Turns: 12161, Time: 01:52:21

Health: -4/50      AC:  9    Str:  4    XL:     10   Next: 51%
Magic:  0/34       EV: 14    Int: 27    God:    Vehumet [***...]
Gold:   629        SH:  0    Dex: 13    Spells: 12/28 levels left

rFire    . . .     SeeInvis .   p - +5 dagger (holy)
rCold    . . .     Gourm    .   (no shield)
rNeg     + . .     Faith    .   H - +0 acid dragon scales
rPois    .         Spirit   .   b - +0 hat
rElec    .         Reflect  .   I - +0 cloak
rCorr    +         Harm     .   G - +0 pair of gloves
MR       +....                  E - +0 pair of boots
Stlth    ++........             (no amulet)
HPRegen  0.16/turn              h - ring of magical power
MPRegen  0.24/turn              F - ring of positive energy

@: flying
A: no striking features
a: Renounce Religion


You were in a bailey.
You worshipped Vehumet.
Vehumet was most pleased with you.
You were near starving.

You visited 2 branches of the dungeon, and saw 11 of its levels.
You also visited: Bailey.

You collected 629 gold pieces.

Inventory:

Hand Weapons
 p - a +5 dagger of holy wrath (weapon)
 M - a +0 long sword of pain
Armour
 b - a +0 hat (worn)
 E - a +0 pair of boots (worn)
 G - a +0 pair of gloves (worn)
 H - +0 acid dragon scales (worn)
 I - a +0 cloak (worn)
Jewellery
 h - a ring of magical power (left hand)
 v - an uncursed ring of flight
 F - a ring of positive energy (right hand)
 N - an uncursed amulet of guardian spirit {unknown}
Wands
 a - a wand of digging (5)
 i - a wand of acid (8)
 r - a wand of disintegration (21)
 t - a wand of random effects (33)
 u - a wand of iceblast (1)
 A - a wand of polymorph (24)
 C - a wand of clouds (2)
 J - a wand of flame (17)
Scrolls
 c - 6 scrolls of remove curse
 e - 4 scrolls of identify
 f - 5 scrolls of amnesia
 k - 2 scrolls of random uselessness {unknown}
 s - 3 scrolls of enchant armour {unknown}
 w - 4 scrolls of immolation {unknown}
 x - a scroll of teleportation
 y - a scroll of blinking {unknown}
 B - a scroll of torment {unknown}
 K - 2 scrolls of magic mapping
 L - a scroll of enchant weapon {unknown}
Potions
 g - a potion of magic {unknown}
 j - a potion of might {unknown}
 l - a potion of invisibility {unknown}
 m - 4 potions of curing
 n - a potion of flight
 o - a potion of brilliance
 q - a potion of heal wounds {unknown}
 z - 2 potions of experience {unknown}
 D - a potion of lignification {unknown}
Comestibles
 d - 19 rations


   Skills:
 + Level 8.2 Dodging
 - Level 2.4 Stealth
 + Level 9.6 Spellcasting
 + Level 7.2 Conjurations
 - Level 4.0 Summonings
 - Level 6.0 Translocations
 - Level 6.0 Fire Magic
 + Level 1.0 Ice Magic
 + Level 2.8 Air Magic
 - Level 4.0 Poison Magic
 + Level 4.8 Evocations


You had 12 spell levels left.
You knew the following spells:

 Your Spells              Type           Power        Failure   Level  Hunger
a - Shock                 Conj/Air       ####         1%          1    None
b - Magic Dart            Conj           ####         1%          1    None
c - Mephitic Cloud        Conj/Pois/Air  #####...     1%          3    None
e - Blink                 Tloc           N/A          1%          2    None
f - Conjure Flame         Conj/Fire      #####...     1%          3    None
i - Call Imp              Summ           ####....     3%          2    None
r - Throw Frost           Conj/Ice       #####.       1%          2    None
t - Throw Flame           Conj/Fire      #####.       1%          2    None

Your spell library contained the following spells:

 Spells                   Type           Power        Failure   Level  Hunger
 Apportation              Tloc           #####.       1%          1    None
 Summon Small Mammal      Summ           ####         1%          1    None
 Animate Skeleton         Necr           N/A          11%         1    None
 Confusing Touch          Hex            ##....       11%         1    None
 Slow                     Hex            ##......     17%         2    None


Dungeon Overview and Level Annotations

Branches:
Dungeon (10/15)            Temple (1/1) D:6            Lair (0/6) D:9
    Orc (0/2) D:9          Bailey (1/1)

Altars:
Ashenzari
Cheibriados
Dithmenos
Elyvilon
Fedhas
Gozag
Hepliaklqana
Kikubaaqudgha
Makhleb
Nemelex Xobeh
Okawaru
Qazlal
Ru
Sif Muna
Trog
Uskayaw
Vehumet
Wu Jian
Xom
Yredelemnul
Zin
The Shining One

Shops:
D:6 =   D:9 (


Message History

Press: ? - help, v - describe, . - travel
Here: an orc knight, wielding a +0 war axe and wearing a +0 chain mail (severely wounded)
The floor.
Evoke which item? (* to show all) (? for menu, Esc to quit)
Aiming: Iceblast
Press: ? - help, Shift-Dir - straight line, f/p - orc knight
Aim: an orc knight, wielding a +0 war axe and wearing a +0 chain mail (severely wounded) That beam is likely to hit you.
Continue anyway?
The mass of ice explodes!
The iceblast engulfs the orc knight!
The orc knight is severely wounded.
The iceblast engulfs you! The orc knight barely misses you.
Casting: Shock (safe; 1% risk of failure)
Confirm with . or Enter, or press ? or * to list all spells.
You blink.
You are engulfed in blazing flames.
An orc warrior comes into view. It is wielding a +0 war axe.
The orc knight hits you with a +0 war axe.
Casting: Blink (safe; 1% risk of failure)
Confirm with . or Enter, or press ? or * to list all spells.
You blink.
You are engulfed in freezing vapours.
You die...

.... .... ....
..... ..o#
###'### ##.g...##
#§@§8§..#
#∩§§§.:∩#
##§§§..##
####☼§§####
##≈...o§..≈##
###≈≈..§....≈≈#
'.'≈≈.......≈≈'.'
###≈≈.......≈≈###
'('≈≈.......≈≈'.


You could see an orc knight, an orc warrior and a hobgoblin.

Vanquished Creatures
  2 two-headed ogres
  A hippogriff (D:7)
  2 hogs (D:7)
  2 acid dragons (D:8)
  A water moccasin (D:7)
  4 orc warriors
  2 ice beasts
  2 black bears
  A phantom (D:8)
  An eye of draining (D:9)
  2 sky beasts
  4 ogres
  3 centaurs
  A crocodile (D:7)
  A big kobold (D:9)
  3 bullfrogs
  6 killer bees (D:7)
  A scorpion (D:3)
  A wight (D:6)
  A howler monkey (D:7)
  3 crimson imps
  2 bullfrog zombies
  2 jellies
  A centaur skeleton (D:7)
  5 orc wizards
  4 orc priests
  5 hounds
  An iguana (D:8)
  7 worker ants
  4 gnolls
  A worker ant zombie (D:9)
  6 adders
  4 shadow imps
  An adder skeleton (D:8)
  An adder zombie (D:9)
  A worm (D:3)
  2 dart slugs
  4 leopard geckos
  30 orcs
  6 bats
  6 giant cockroaches
  7 hobgoblins
  9 jackals
  5 quokkas
  A ball python (D:2)
  5 frilled lizards
  4 goblins
  15 kobolds
  6 rats
189 creatures vanquished.

Vanquished Creatures (collateral kills)
  A human (D:7)
  2 hogs (D:7)
  An ice beast (D:6)
  A bullfrog (D:7)
  A wyvern skeleton (D:7)
  2 wights
  An orc priest (D:3)
  Terence (D:3)
  2 adders
  2 orcs
  3 ball pythons (D:2)
  A bat (D:1)
18 creatures vanquished.

Vanquished Creatures (others)
  A sky beast (D:5)
1 creature vanquished.

Grand Total: 208 creatures vanquished

Notes
Turn   | Place    | Note
-------+----------+-------------------------------------------
     0 | D:1      | Arixos the Deep Elf Wizard began the quest for the Orb.
     0 | D:1      | Reached XP level 1. HP: 10/10 MP: 7/7
   338 | D:1      | Reached XP level 2. HP: 13/15 MP: 0/9
   414 | D:1      | Learned a level 2 spell: Blink
   417 | D:1      | Learned a level 2 spell: Call Imp
  1021 | D:2      | Reached XP level 3. HP: 19/19 MP: 8/11
  1045 | D:2      | Reached skill level 5 in Spellcasting
  1700 | D:2      | Found a shattered altar of Ashenzari.
  1700 | D:2      | Found a glowing silver altar of Zin.
  1810 | D:3      | Learned a level 3 spell: Mephitic Cloud
  1814 | D:3      | Learned a level 3 spell: Conjure Flame
  2150 | D:3      | Reached XP level 4. HP: 23/24 MP: 8/13
  2243 | D:3      | Noticed Terence
  2266 | D:3      | Killed Terence
  2954 | D:4      | Noticed an ogre
  2971 | D:4      | Killed an ogre
  2971 | D:4      | Reached skill level 1 in Fire Magic
  2971 | D:4      | Reached skill level 1 in Air Magic
  2971 | D:4      | Reached skill level 1 in Poison Magic
  2971 | D:4      | Reached XP level 5. HP: 28/28 MP: 7/15
  3160 | D:4      | Noticed an ogre
  3174 | D:4      | Killed an ogre
  3174 | D:4      | Reached XP level 6. HP: 23/32 MP: 4/16
  4113 | D:5      | Entered Level 5 of the Dungeon
  4155 | D:5      | Noticed a sky beast
  4170 | D:5      | Killed a sky beast
  4170 | D:5      | Reached skill level 6 in Spellcasting
  4170 | D:5      | Reached XP level 7. HP: 13/36 MP: 3/18
  4453 | D:5      | Found a white marble altar of Elyvilon.
  4620 | D:5      | Found an opulent altar of Gozag.
  4620 | D:5      | Found a bloodstained altar of Trog.
  4623 | D:5      | Found a basalt altar of Yredelemnul.
  4623 | D:5      | Found a glowing golden altar of the Shining One.
  4623 | D:5      | Found a blossoming altar of Fedhas.
  4624 | D:5      | Found an ornate altar of the Wu Jian Council.
  4795 | D:5      | Found a radiant altar of Vehumet.
  4796 | D:5      | Found an iron altar of Okawaru.
  4805 | D:5      | Became a worshipper of Vehumet
  5844 | D:6      | Found a staircase to the Ecumenical Temple.
  5853 | Temple   | Entered the Ecumenical Temple
  6249 | D:6      | Reached skill level 5 in Dodging
  6381 | D:6      | Reached XP level 8. HP: 41/41 MP: 12/19
  6719 | D:6      | Found Seutum Bum's Jewellery Emporium.
  6807 | D:6      | Found a snail-covered altar of Cheibriados.
  7321 | D:7      | Reached skill level 7 in Spellcasting
  7616 | D:7      | Reached skill level 5 in Conjurations
  7697 | D:7      | Reached skill level 1 in Evocations
  7700 | D:7      | Reached XP level 9. HP: 37/45 MP: 6/22
  7719 | D:7      | Reached * piety under Vehumet
  7719 | D:7      | Offered knowledge of Shock by Vehumet.
  8039 | D:7      | Learned a level 1 spell: Shock
  8113 | D:7      | Found a glowing golden altar of the Shining One.
  8136 | D:8      | Noticed a two-headed ogre
  8504 | D:7      | Reached skill level 8 in Spellcasting
  8791 | D:7      | Killed a two-headed ogre
  8791 | D:7      | Reached skill level 5 in Translocations
  8791 | D:7      | Reached skill level 5 in Fire Magic
 10132 | D:8      | Noticed a two-headed ogre
 10147 | D:8      | Killed a two-headed ogre
 10147 | D:8      | Reached skill level 9 in Spellcasting
 10147 | D:8      | Reached XP level 10. HP: 15/50 MP: 24/25
 10488 | D:9      | Offered knowledge of Throw Flame by Vehumet.
 10488 | D:9      | Reached ** piety under Vehumet
 10742 | D:8      | Learned a level 2 spell: Throw Flame
 11109 | D:9      | Found a shadowy altar of Dithmenos.
 11139 | D:9      | Offered knowledge of Throw Frost by Vehumet.
 11252 | D:9      | Learned a level 2 spell: Throw Frost
 11282 | D:9      | Found Wusel's Weapon Boutique.
 11859 | D:9      | Found a staircase to the Lair.
 11958 | D:9      | Found a staircase to the Orcish Mines.
 12074 | D:10     | Entered Level 10 of the Dungeon
 12082 | D:10     | Found a flagged portal.
 12088 | Bailey   | Entered a bailey
 12138 | Bailey   | Reached skill level 1 in Ice Magic
 12143 | Bailey   | Reached *** piety under Vehumet
 12149 | Bailey   | Noticed an orc knight
 12161 | Bailey   | Engulfed by a cloud of freezing vapour

Levels and vault maps discovered:
D:1:      tarquinn_simple_flora_water_e, layout_loops_ring
D:2:      layout_loops_ring, gammafunk_temple_overflow_statue,
          minmay_shallow_snake_nest
D:3:      layout_basic, uniq_terence
D:4:      layout_loops_corners, first_ration, kennysheep_small_circle
D:5:      layout_loops_cross, kennysheep_mini, minitemple
D:6:      layout_layer_cave, lemuel_round_altar, minmay_temple_entry_wispy,
          serial_shops, nicolae_shop_temple_entry_statues_fountains
D:7:      layout_basic, basic_altar, grunt_livestock, minmay_shattered_shrine
D:8:      cheibrodos_elevator_heist, layout_loops_cross,
          chequers_ossuary_entry_cave
D:9:      layout_loops_ring, nicolae_dithmenos_shadow_blocks, serial_shops,
          shop, item_on_display_a
D:10:     minmay_thick_lines, layout_basic, enter_bailey_2, special_room
          [special_room_orc], uniq_erolcha
Temple:   jpeg_temple_island
Bailey:   bailey_axe_3, bailey

Skill      XL: |  1  2  3  4  5  6  7  8  9 10 |
---------------+-------------------------------+-----
Dodging        | 3 4 5 6 7 8 |  8.2
Conjurations   | 2 3 4 5 6 7 |  7.2
Spellcasting   | 5 6 7 9 |  9.6
Fire Magic     | 1 2 3 4 5 6 |  6.0
Air Magic      | 1 2 |  2.8
Poison Magic   | 1 2 4 |  4.0
Summonings     | 2 3 4 |  4.0
Translocations | 2 3 4 5 6 |  6.0
Evocations     | 1 3 4 |  4.8
Ice Magic      | 1 |  1.0
Stealth        | |  2.4

Action                   |  1- 3 |  4- 6 |  7- 9 | 10-12 || total
-------------------------+-------+-------+-------+-------++-------
Melee: Unarmed           |     4 |     8 |       |       ||    12
       Dagger            |       |       |    59 |    23 ||    82
 Cast: Magic Dart        |   102 |    54 |   136 |       ||   292
       Call Imp          |     3 |     4 |    35 |     2 ||    44
       Conjure Flame     |     1 |    12 |    21 |    16 ||    50
       Mephitic Cloud    |       |    11 |    26 |    17 ||    54
       Blink             |       |     4 |    42 |     5 ||    51
       Shock             |       |       |    81 |    83 ||   164
       Throw Flame       |       |       |       |    23 ||    23
       Throw Frost       |       |       |       |     1 ||     1
Evoke: Wand              |       |       |     6 |     6 ||    12
  Use: Potion            |       |     1 |     2 |     1 ||     4
       Scroll            |       |       |     8 |     1 ||     9
 Stab: Confused          |       |       |     8 |     2 ||    10
       Sleeping          |       |       |       |     1 ||     1
  Eat: Chunk             |     4 |     5 |    14 |     3 ||    26
       Ration            |       |       |     1 |     1 ||     2
Armor: Robe              |     5 |     5 |    14 |       ||    24
       Acid dragon scale |       |       |       |    13 ||    13
Dodge: Dodged            |    12 |    13 |    93 |    27 ||   145

Table legend:
 A = Non-vault XP
 B = Vault XP
 C = Vault XP percentage of total XP
 D = Non-vault monster count
 E = Vault monster count
 F = Vault count percentage of total count
                 A         B        C        D         E       F
            +---------+---------+-------+---------+---------+-------
      Total |    5856 |    2498 |  29.9 |     169 |      39 |  18.8
            +---------+---------+-------+---------+---------+-------
        D:1 |      26 |       0 |   0.0 |      15 |       0 |   0.0
        D:2 |      44 |      11 |  20.0 |      19 |       5 |  20.8
        D:3 |     127 |      16 |  11.2 |      16 |       1 |   5.9
        D:4 |     373 |       0 |   0.0 |      11 |       0 |   0.0
        D:5 |     549 |       0 |   0.0 |      16 |       0 |   0.0
        D:6 |     406 |       0 |   0.0 |       5 |       0 |   0.0
        D:7 |    2108 |     993 |  32.0 |      26 |      15 |  36.6
        D:8 |     507 |    1312 |  72.1 |      16 |       5 |  23.8
        D:9 |    1673 |       0 |   0.0 |      44 |       0 |   0.0
     Temple |      43 |       0 |   0.0 |       1 |       0 |   0.0
     Bailey |       0 |     166 | 100.0 |       0 |      13 | 100.0
            +---------+---------+-------+---------+---------+-------
